 Dungeon Crawl Stone Soup version 0.30-b1-2-g02819fbbbe (webtiles) character file.

Game seed: 15331147580259539282

252 Dirian the Slasher (level 5, 0/48 HPs)
             Began as a Minotaur Monk on May 11, 2023.
             Succumbed to Crazy Yiuf's poison
             ... on level 2 of the Dungeon.
             The game lasted 00:02:17 (1377 turns).

Dirian the Slasher (Minotaur Monk)                  Turns: 1377, Time: 00:02:18

Health: 0/48       AC:  5    Str: 17    XL:     5   Next: 89%
Magic:  4/4        EV: 11    Int:  7    God:
Gold:   144        SH:  0    Dex: 13    Spells: 4/4 levels left

rFire   . . .        a - +0 falchion
rCold   . . .        d - orb {light}
rNeg    . . .        h - +0 ring mail
rPois   .            (helmet restricted)
rElec   .            (no cloak)
rCorr   .            (no gloves)
SInv    .            (no boots)
Will    .....        (no amulet)
Stlth   +            (no ring)
HPRegen 0.28/turn    (no ring)
MPRegen 0.09/turn

%: no passive effects
@: lethally poisoned (0 -> -2), glowing
A: horns 2, retaliatory headbutt
a: no special abilities


You were on level 2 of the Dungeon.
You visited 1 branch of the dungeon, and saw 2 of its levels.

You collected 144 gold pieces.

Inventory:

Hand Weapons
 a - a +0 falchion (weapon)
Armour
 b - a +0 robe
 d - an orb of light (worn)
 g - a +0 chain mail
 h - a +0 ring mail (worn)
Scrolls
 e - 5 scrolls of identify {unknown}
 f - a scroll of fog {unknown}
 i - a scroll of immolation {unknown}


   Skills:
 + Level 5.3 Fighting
 + Level 6.0 Long Blades
 * Level 3.1 Armour
 - Level 3.2 Dodging


You had 4 spell levels left.
You didn't know any spells.
Your spell library contained the following spells:

 Spells                   Type           Power      Damage    Failure   Level
 Inner Flame              Hex/Fire       0%         N/A       94%         3
 Flame Wave               Conj/Fire      0%         2d4       100%        4
 Sticky Flame             Conj/Fire      0%         2d3       100%        4
 Fireball                 Conj/Fire      0%         3d3       100%        5
 Iskenderun's Battlesphe  Conj           0%         2d6       100%        5
 Conjure Ball Lightning   Conj/Air       0%         3x3d6     100%        6
 Orb of Destruction       Conj           0%         9d5       100%        7


Dungeon Overview and Level Annotations

Branches:
Dungeon (2/15) Zot: 10615

Altars:


Innate Abilities, Weirdness & Mutations

You have a pair of horns on your head.
You reflexively headbutt those who attack you in melee.


Message History

Crazy Yiuf is heavily wounded.
You feel very sick. Crazy Yiuf closely misses you.
You hit Crazy Yiuf but do no damage.
Crazy Yiuf is heavily wounded.
You feel very sick.
Crazy Yiuf hits you with a +3 quarterstaff of chaos!
* * * LOW HITPOINT WARNING * * *
You slash Crazy Yiuf!
Crazy Yiuf is almost dead.
* * * LOW HITPOINT WARNING * * *
You feel very sick. Crazy Yiuf hits you but does no damage.
You are more poisoned.
You hit Crazy Yiuf.
You kill Crazy Yiuf!
* * * LOW HITPOINT WARNING * * *
You feel very sick.
Your Long Blades skill increases to level 6!
You are confused.
You feel invigorated.
* * * LOW HITPOINT WARNING * * *
You feel very sick.
* * * LOW HITPOINT WARNING * * *
You feel sick.
You feel less invigorated.
You feel less confused.
* * * LOW HITPOINT WARNING * * *
You feel sick.
* * * LOW HITPOINT WARNING * * *
You feel sick.
* * * LOW HITPOINT WARNING * * *
You feel sick.
* * * LOW HITPOINT WARNING * * *
You feel sick.
* * * LOW HITPOINT WARNING * * *
You feel sick.
* * * LOW HITPOINT WARNING * * *
You feel sick.
You die...

.........#.#######.#........##.#.
...............................<.
.........#########.#######...#.#.
.........# ### #........
.........# #..##(##. .........#
#........ ....#.#### ###
♣♣##..#####. .÷..#...# #)..#♣♣
♣♣..#..# #. ....###.#
#...)@♣♣♣♣......#####. ....# #.#
#...#♣..♣.......#..... ....###.##
### ♣♣♣.♣...#..#.###. .)...##..#
♣♣♣♣♣##..#.# #. ...#.##### #..#.#
#. ...#.#...################....#
#. ...#.#.......#.##..........###
#. .....#.......#...........#...#
#. ...#<#..............#....#.#.#
#.


There were no monsters in sight!

Vanquished Creatures
  Sigmund (D:2)
  Crazy Yiuf (D:2)
  2 dart slugs (D:1)
  4 endoplasms (D:1)
  A giant cockroach (D:1)
  4 hobgoblins
  4 jackals (D:2)
  7 ball pythons
  3 bats (D:1)
  6 frilled lizards
  7 goblins
  7 kobolds
  2 rats (D:1)
49 creatures vanquished.

Vanquished Creatures (others)
  2 plants (D:1)
2 creatures vanquished.

Grand Total: 51 creatures vanquished

Notes
Turn   | Place    | Note
-------+----------+-------------------------------------------
     0 | D:1      | Dirian the Minotaur Monk began the quest for the Orb.
     0 | D:1      | Reached XP level 1. HP: 19/19 MP: 0/0
    92 | D:1      | Reached XP level 2. HP: 23/27 MP: 1/1
   101 | D:1      | Reached skill level 4 in Long Blades
   163 | D:1      | Reached skill level 1 in Armour
   454 | D:1      | Reached XP level 3. HP: 33/33 MP: 2/2
   617 | D:1      | Found a faded altar of an unknown god.
   881 | D:2      | Noticed Sigmund
   895 | D:2      | Killed Sigmund
   896 | D:2      | Reached skill level 5 in Fighting
   896 | D:2      | Reached skill level 5 in Long Blades
   896 | D:2      | Reached XP level 4. HP: 22/42 MP: 3/3
   896 | D:2      | Reached XP level 5. HP: 25/48 MP: 4/4
  1266 | D:2      | Found a runed translucent door.
  1267 | D:2      | Noticed Crazy Yiuf
  1368 | D:2      | Killed Crazy Yiuf
  1368 | D:2      | HP: 1/48 [poisoned by Crazy Yiuf]
  1369 | D:2      | Reached skill level 6 in Long Blades
  1374 | D:2      | HP: 2/48 [poisoned by Crazy Yiuf]
  1377 | D:2      | Succumbed to Crazy Yiuf's poison

Illustrated notes

Levels and vault maps discovered:
D:1:      mrwooster_arrival_statue, layout_rooms,
          dilly_ecumenical_altar_fadedgnrine, minmay_strange_pillars,
          grunt_decor_one_mirror, grunt_decor_arrowhead
D:2:      layout_basic, uniq_sigmund, uniq_crazy_yiuf_cottage

Skill      XL: |  1  2  3  4  5 |
---------------+----------------+-----
Long Blades    | 4 5 6 |  6.0
Fighting       | 4 5 |  5.3
Armour         | 1 3 |  3.1
Dodging        | |  3.2

Action                     |  1- 3 |  4- 6 || total
---------------------------+-------+-------++-------
  Melee: Falchion          |    81 |    17 ||    98
         Headbutt          |     8 |     4 ||    12
    Use: Potion            |     2 |     1 ||     3
 Armour: Robe              |     8 |       ||     8
         Ring mail         |     2 |     3 ||     5
  Dodge: Dodged            |    60 |     7 ||    67
